 Dungeon Crawl Stone Soup version 0.25-a0-68-ge58f8a54b6 (webtiles) character file.

Game seed: 852522326851675336, levelgen mode: deterministic

5479 miout the Fighter (level 10, 0/80 HPs)
             Began as an Octopode Fighter on Nov 2, 2019.
             Was an Elder of Ru.
             Slain by a vampire (8 damage)
             ... on level 9 of the Dungeon.
             The game lasted 00:13:02 (10692 turns).

miout the Fighter (Octopode Fighter)               Turns: 10692, Time: 00:13:02

Health: 0/80       AC:  2    Str: 18    XL:     10   Next: 69%
Magic:  10/10      EV: 13    Int: 10    God:    Ru [****..]
Gold:   420        SH: 12    Dex: 17    Spells: 9/9 levels left

rFire    . . .     SeeInvis .   J - +2 rapier (venom)
rCold    . . .     Gourm    +   b - +0 shield
rNeg     . . .     Faith    .   (helmet restricted)
rPois    .         Spirit   .   A - amulet of the gourmand (curse)
rElec    .         Reflect  .   i - +1 ring of protection
rCorr    .         Harm     .   p - +4 ring of dexterity
MR       .....                  (no ring)
Stlth    ..........             (no ring)
HPRegen  0.23/turn              (no ring)
MPRegen  0.12/turn              (no ring)
                                (no ring)
                                (no ring)

@: no status effects
A: almost no armour, stealthy swim, amphibious, 8 rings, constrict 8, camouflage
1, gelatinous body 1, no stealth, inability to use devices, no air magic, no
translocations magic, no transmutations magic
a: Draw Out Power, Power Leap, Renounce Religion


You were on level 9 of the Dungeon.
You worshipped Ru.
Ru was greatly pleased with you.
You were very full.

You visited 1 branch of the dungeon, and saw 9 of its levels.

You collected 480 gold pieces.
You spent 60 gold pieces at shops.

Inventory:

Hand Weapons
 a - a +0 rapier
 h - a +0 whip of freezing
 m - a +0 hunting sling
 t - a +1 mace of draining
 z - a cursed -1 war axe
 H - a +2 war axe of freezing
 J - a +2 rapier of venom (weapon)
 M - a +0 falchion
Missiles
 f - 366 stones (quivered)
 l - 26 sling bullets
 E - 2 throwing nets {!f}
Armour
 b - a +0 shield (worn)
Jewellery
 i - a +1 ring of protection (left tentacle)
 p - a +4 ring of dexterity (right tentacle)
 A - a cursed amulet of the gourmand (around mantle)
 G - an uncursed ring of ice
 N - an uncursed ring of ice
Scrolls
 e - 3 scrolls of magic mapping
 g - 5 scrolls of remove curse {@r2}
 j - 3 scrolls of teleportation {@r3}
 k - a scroll of amnesia {unknown}
 x - 2 scrolls of immolation
 y - 3 scrolls of blinking
 B - a scroll of holy word {unknown}
 D - a scroll of vulnerability {unknown}
 F - a scroll of enchant armour {unknown}
 I - a scroll of brand weapon {unknown}
Potions
 c - a potion of might
 n - a potion of resistance {unknown}
 o - 5 potions of curing {@q1}
 q - a potion of haste {unknown}
 r - 2 potions of heal wounds {unknown}
 s - a potion of invisibility {unknown}
 u - 6 potions of lignification
 v - a potion of degeneration {unknown}
 w - 2 potions of brilliance {unknown}
 C - a potion of berserk rage {unknown}
 K - 2 potions of mutation {unknown}
 L - a potion of magic {unknown}
Comestibles
 d - 16 rations


   Skills:
 - Level 12.0 Fighting
 - Level 2.0(2.1) Short Blades
 * Level 0.9(1.5) Long Blades
 - Level 4.5 Axes
 - Level 3.0 Dodging
 + Level 9.5 Shields


You had 9 spell levels left.
You didn't know any spells.
Your spell library contained the following spells:

 Spells                   Type           Power        Failure   Level  Hunger
 Summon Small Mammal      Summ           #...         58%         1    ##.....
 Call Imp                 Summ           #.......     75%         2    ###....
 Call Canine Familiar     Summ           #.......     92%         3    ####...
 Summon Guardian Golem    Hex/Summ       #.......     92%         3    ####...
 Summon Ice Beast         Ice/Summ       #.......     100%        4    #####..
 Summon Lightning Spire   Summ/Air       Unusable     N/A         4    N/A

Dungeon Overview and Level Annotations

Branches:
Dungeon (9/15)             Temple (0/1) D:4
   Lair: D:8-11         Orc: D:9-12

Altars:
Elyvilon
Nemelex Xobeh
Okawaru
Ru
Trog
Uskayaw
Wu Jian
Xom
Zin

Shops:
D:4 (   D:5 *

Annotations:
D:3 3 runed translucent doors, Ijyb; skk's ghost, weakling FoFi
D:7 1 runed translucent door, KristoblXynda's ghost, novice DrSk
D:9 Erica


Innate Abilities, Weirdness & Mutations

You cannot wear most types of armour.
You are very stealthy in the water. (Stealth+)
You are amphibious.
You can wear up to eight rings at the same time.
You can use your tentacles to constrict eight enemies at once.
Your skin changes colour to match your surroundings (Stealth+).
Your rubbery body absorbs attacks. (AC +1, EV +1)
You cannot be stealthy.
You cannot study or use magical devices.
You cannot study or cast Air magic.
You cannot study or cast Translocations magic.
You cannot study or cast Transmutations magic.


Message History

Unknown command.
Okay, then.
Your +2 war axe of freezing stops glowing.
Your +2 rapier of venom begins to drip with poison!
J - a +2 rapier of venom (weapon)
You hit something but do no damage. You squeeze something! Something hits you.
Something barely misses you.
You hit something. You block something's attack. Something bites you!
Something draws strength from your injuries!
You hit something.
You hear some strange, mumbled words.
Something tries to affect you, but you resist.
You closely miss something. Something hits you!
* * * LOW HITPOINT WARNING * * *
You focus your will and blind something in retribution!
Something bites you!
* * * LOW HITPOINT WARNING * * *
Something draws strength from your injuries!
Something hits you!
You die...

........# #.#..##.... #.......#
#.##..###.# #.......# ###.#.#/...
#.......# +..#.###.# #.......#
##.#....#. #.......# #..#.###.#
#..._...# #..#.#....
#.......##########.#..###.#
#####....{@...#...#..##..#.
###########.....##..###
####....##.#.... #.......#...##.#
#.......#.#.#... ############
#..../...##...⌠.
....>......#######...##..#.#.#...
...........'...÷.'...'...#...##.#
...........#######...##..##.#....


There were no monsters in sight!

Vanquished Creatures
  A two-headed ogre (D:9)
  Pikel (D:5)
  Psyche (D:8)
  Prince Ribbit (D:7)
  A hippogriff (D:9)
  Sigmund (D:4)
  A wyvern (D:8)
  Menkaure (D:5)
  A water moccasin (D:9)
  2 ice beasts
  A black bear (shapeshifter) (D:9)
  3 ogres (D:4)
  2 orc warriors
  3 sky beasts
  2 centaurs
  A crocodile (D:9)
  Blork the orc (D:5)
  A big kobold (D:9)
  6 bullfrogs
  A wyvern skeleton (D:6)
  A scorpion (D:9)
  6 killer bees (D:9)
  3 wights (D:7)
  3 crimson imps
  2 quasits
  2 bullfrog zombies
  2 jellies
  4 orc priests
  A hound (D:6)
  4 orc wizards
  2 iguanas
  5 worker ants
  A worker ant zombie (D:8)
  3 gnolls
  7 adders
  An ooze (D:3)
  An adder zombie (D:5)
  An adder skeleton (D:2)
  A worm (D:2)
  2 dart slugs
  9 leopard geckos
  45 orcs
  A ball python (D:2)
  3 bats
  6 giant cockroaches
  6 goblins
  5 hobgoblins
  2 jackals (D:4)
  9 kobolds
  A quokka (D:5)
  A ball python skeleton (D:4)
  2 frilled lizards
  2 quokka skeletons
  11 rats
187 creatures vanquished.

Vanquished Creatures (others)
  A wyvern zombie (D:9)
  A hound (D:5)
  An orc (D:5)
  A plant (D:1)
4 creatures vanquished.

Grand Total: 191 creatures vanquished

Notes
Turn   | Place    | Note
-------+----------+-------------------------------------------
     0 | D:1      | miout the Octopode Fighter began the quest for the Orb.
     0 | D:1      | Reached XP level 1. HP: 16/16 MP: 1/1
   148 | D:1      | Reached XP level 2. HP: 21/21 MP: 2/2
   743 | D:1      | Reached XP level 3. HP: 16/27 MP: 3/3
  1359 | D:3      | Reached skill level 4 in Fighting
  1691 | D:3      | Noticed skk's ghost (weakling FoFi)
  1756 | D:3      | Reached XP level 4. HP: 33/33 MP: 4/4
  1816 | D:2      | Found an iron altar of Okawaru.
  1816 | D:2      | Found a white marble altar of Elyvilon.
  1817 | D:2      | Found a sacrificial altar of Ru.
  1822 | D:2      | Became a worshipper of Ru the Awakened
  2507 | D:2      | Reached XP level 5. HP: 27/38 MP: 5/5
  2771 | D:3      | Reached skill level 5 in Fighting
  3031 | D:3      | Noticed Ijyb
  3100 | D:3      | Found a runed translucent gate.
  3100 | D:3      | Found a runed translucent gate.
  3100 | D:3      | Found a runed translucent gate.
  3468 | D:4      | Reached XP level 6. HP: 40/45 MP: 6/6
  3677 | D:4      | Reached skill level 6 in Fighting
  3839 | D:4      | Gained mutation: You cannot study or use magical devices.
                  | [Ru sacrifice]
  3839 | D:4      | Reached * piety under Ru
  3839 | D:4      | Reached ** piety under Ru
  3869 | D:4      | Found Enios's Weapon Shop.
  4090 | D:4      | Found a bloodstained altar of Trog.
  4103 | D:4      | Reached XP level 7. HP: 42/53 MP: 7/7
  4181 | D:4      | Found a staircase to the Ecumenical Temple.
  4192 | D:4      | Reached skill level 5 in Shields
  4287 | D:4      | Noticed Sigmund
  4294 | D:4      | Killed Sigmund
  4294 | D:4      | Reached skill level 7 in Fighting
  4894 | D:5      | Entered Level 5 of the Dungeon
  4896 | D:5      | Noticed Menkaure
  4906 | D:5      | Killed Menkaure
  4906 | D:5      | Reached skill level 8 in Fighting
  4906 | D:5      | Reached XP level 8. HP: 61/61 MP: 8/8
  5033 | D:5      | Found Lemaublu's General Store.
  5038 | D:5      | Bought a scroll of identify for 24 gold pieces
  5038 | D:5      | Bought a scroll of remove curse for 36 gold pieces
  5054 | D:5      | Noticed Pikel
  5068 | D:5      | Killed Pikel
  5068 | D:5      | Reached skill level 9 in Fighting
  5466 | D:5      | Noticed Blork the orc
  5471 | D:5      | Killed Blork the orc
  5678 | D:5      | Upgraded the game from 0.25-a0-67-g7dccc1bee0 to
                  | 0.25-a0-68-ge58f8a54b6
  5704 | D:6      | Found a sparkling altar of Nemelex Xobeh.
  5707 | D:6      | Reached XP level 9. HP: 69/69 MP: 9/9
  6109 | D:6      | Reached skill level 10 in Fighting
  6489 | D:6      | Gained mutation: You cannot study or cast Air magic. [Ru
                  | sacrifice]
  6489 | D:6      | Gained mutation: You cannot study or cast Transmutations
                  | magic. [Ru sacrifice]
  6489 | D:6      | Gained mutation: You cannot study or cast Translocations
                  | magic. [Ru sacrifice]
  6489 | D:6      | Reached *** piety under Ru
  6712 | D:7      | Found a shimmering altar of Xom.
  6712 | D:7      | Found a shimmering altar of Xom.
  6712 | D:7      | Found a shimmering altar of Xom.
  6768 | D:7      | Noticed Prince Ribbit
  7250 | D:7      | Reached skill level 11 in Fighting
  7283 | D:7      | Found a shimmering altar of Xom.
  7283 | D:7      | Found a shimmering altar of Xom.
  7284 | D:7      | Found a shimmering altar of Xom.
  7285 | D:7      | Found a shimmering altar of Xom.
  7285 | D:7      | Found a shimmering altar of Xom.
  7363 | D:7      | Killed Prince Ribbit
  7586 | D:7      | Found a runed translucent door.
  7586 | D:7      | Noticed KristoblXynda's ghost (novice DrSk)
  7587 | D:7      | Noticed a manticore
  8217 | D:8      | Found a hide-covered altar of Uskayaw.
  8263 | D:8      | Noticed Psyche
  8273 | D:8      | Killed Psyche
  8273 | D:8      | Reached XP level 10. HP: 47/79 MP: 10/10
  8627 | D:8      | Gained mutation: You cannot be stealthy. [Ru sacrifice]
  8627 | D:8      | Reached **** piety under Ru
  9943 | D:9      | Noticed Erica
 10305 | D:9      | Found an ornate altar of the Wu Jian Council.
 10312 | D:9      | Noticed a two-headed ogre
 10336 | D:9      | Killed a two-headed ogre
 10594 | D:9      | Reached skill level 12 in Fighting
 10677 | D:9      | Found a glowing silver altar of Zin.
 10692 | D:9      | Slain by a vampire

Levels and vault maps discovered:
D:1:      zaba_arrival_water, layout_loops_ring, lexackson_kobold_supper
D:2:      layout_rooms, chequers_temple_overflow_statue_of_worship
D:3:      layout_loops_ring, gammafunk_ghost_split, hex_medium,
          grunt_ministairs_9, uniq_ijyb
D:4:      layout_loops_corners, nicolae_overflow_hidden_temple,
          minmay_temple_entry_stoned_glass, serial_shops, shop, uniq_sigmund
D:5:      layout_basic, first_ration, serial_shops, kennysheep_little_box,
          uniq_blork_the_orc, uniq_menkaure, uniq_pikel
D:6:      layout_rooms, nemelex_xobeh_ov_fountains_minmay
D:7:      layout_layer_cave, xom_redecorated, ebering_ghost_inner_flame,
          kennysheep_generic_room_13, uniq_prince_ribbit1
D:8:      layout_basic, eat_drink_and_be_merry_uskayaw, uniq_psyche
D:9:      minmay_the_grid_octo_tiled_octocenter [minmay_the_grid_octo_empty,
          minmay_the_grid_octo_focus, minmay_the_grid_octo_teeth,
          minmay_the_grid_octo_concentric,
          minmay_the_grid_octo_prize_single_spiral,
          minmay_the_grid_square_5x5_tri_point, minmay_the_grid_square_5x5_comb,
          minmay_the_grid_square_5x5_three_walls,
          minmay_the_grid_square_5x5_corner], layout_basic,
          kennysheep_mini_moat, overflow_temple_1_default, the_bakery,
          uniq_erica

Skill      XL: |  1  2  3  4  5  6  7  8  9 10 |
---------------+-------------------------------+-----
Fighting       | 4 5 6 8 9 11 12 | 12.0
Shields        | 4 5 7 8 9 |  9.5
Axes           | 2 4 |  4.5
Short Blades   | |  2.0
Long Blades    | |  0.9
Dodging        | |  3.0

Action                   |  1- 3 |  4- 6 |  7- 9 | 10-12 || total
-------------------------+-------+-------+-------+-------++-------
Melee: Rapier            |    62 |    78 |       |     4 ||   144
       Constrict         |    16 |    33 |    45 |    14 ||   108
       Tentacles         |     6 |    17 |    58 |    27 ||   108
       Mace              |       |    39 |   193 |    28 ||   260
       War axe           |       |       |       |    57 ||    57
Throw: Stone             |       |       |     1 |       ||     1
Invok: Sacrifice Artific |       |     1 |       |       ||     1
       Sacrifice Arcana  |       |       |     1 |       ||     1
       Draw Out Power    |       |       |       |     2 ||     2
       Sacrifice Stealth |       |       |       |     1 ||     1
  Use: Scroll            |       |       |     4 |     4 ||     8
 Stab: Sleeping          |     4 |     6 |     5 |       ||    15
       Invisible         |       |       |     3 |     1 ||     4
       Distracted        |       |       |       |     2 ||     2
  Eat: Chunk             |     2 |     8 |    24 |     7 ||    41
Armor: Skin              |     3 |     7 |    19 |     4 ||    33
Dodge: Dodged            |    23 |    35 |    96 |    46 ||   200
Block: Shield            |    27 |    46 |   101 |    66 ||   240

Table legend:
 A = Non-vault XP
 B = Vault XP
 C = Vault XP percentage of total XP
 D = Non-vault monster count
 E = Vault monster count
 F = Vault count percentage of total count
                 A         B        C        D         E       F
            +---------+---------+-------+---------+---------+-------
      Total |    4979 |    2849 |  36.4 |     162 |      26 |  13.8
            +---------+---------+-------+---------+---------+-------
        D:1 |      58 |      17 |  22.7 |      19 |       8 |  29.6
        D:2 |      50 |       0 |   0.0 |      13 |       0 |   0.0
        D:3 |     109 |      10 |   8.4 |      17 |       4 |  19.0
        D:4 |     682 |     223 |  24.6 |      40 |       1 |   2.4
        D:5 |     257 |     928 |  78.3 |      15 |       3 |  16.7
        D:6 |     958 |       0 |   0.0 |      18 |       0 |   0.0
        D:7 |     800 |     283 |  26.1 |      23 |       1 |   4.2
        D:8 |     306 |     424 |  58.1 |       5 |       1 |  16.7
        D:9 |    1759 |     964 |  35.4 |      12 |       8 |  40.0
            +---------+---------+-------+---------+---------+-------
